 Dungeon Crawl Stone Soup version 0.17-a0-1079-g9903972 (webtiles) character file.

5286 Zermako the Schismatic (level 10, 0/77 HPs)
             Began as a Demonspawn Abyssal Knight on May 19, 2015.
             Was an Elder of Lugonu.
             Slain by a hill giant
             ... wielding a +0 giant club
              (30 damage)
             ... on level 10 of the Dungeon.
             The game lasted 00:52:53 (13484 turns).

Zermako the Schismatic (Demonspawn Abyssal Knight) Turns: 13484, Time: 00:52:53

Health: 0/77       AC:  9    Str: 13    XL:     10   Next: 37%
Magic:  16/16      EV: 10    Int: 14    God:    Lugonu [****..]
Gold:   235        SH:  0    Dex: 15    Spells: 2 memorised, 11 levels left

rFire  + + .     SeeInvis .       - Unarmed
rCold  . . .     Clarity  .     M - +0 fire dragon armour
rNeg   . . .     SustAb   .     (no shield)
rPois  .         Gourm    .     (helmet unavailable)
rElec  .         Spirit   .     (no cloak)
rCorr  .         Warding  .     (no gloves)
rMut   .         Stasis   .     (no boots)
MR     .....                    (no amulet)
Stlth  +.........               H - ring of invisibility
                                n - ring of stealth

@: drained, not resistant to hostile enchantments, very unstealthy
A: claws 2, fangs 1, hooves 1, horns 3, cold resistance 1, powered by death 1,
freezing cloud immunity
a: Depart the Abyss, Bend Space, Banish, Corrupt, Renounce Religion, Evoke
Invisibility


You were on level 10 of the Dungeon.
You worshipped Lugonu.
Lugonu was greatly pleased with you.
You were hungry.

You visited 1 branch of the dungeon, and saw 10 of its levels.
You visited the Abyss 1 time.
You also visited: Sewer.

You collected 565 gold pieces.
You spent 330 gold pieces at shops.

Inventory:

Hand weapons
 a - a +1 falchion
 m - a +2 dagger of protection
 o - a -1 long sword
 r - a +0 trident
Missiles
 i - 257 stones
 j - 79 sling bullets
 s - 3 tomahawks of returning
 t - a tomahawk (quivered)
 x - 10 poisoned sling bullets
 U - 8 poisoned needles
Armour
 b - a +0 leather armour
 d - a +1 chain mail
 g - a +0 ring mail
 z - a +0 plate armour
 M - a +0 fire dragon armour (worn)
Magical staves
 Q - an uncursed staff of air
Jewellery
 n - a ring of stealth (left claw)
 H - a ring of invisibility (right claw)
 N - an uncursed ring of positive energy
Magical devices
 v - a wand of slowing (21)
 y - a wand of flame (5)
 D - a wand of cold (1)
 J - a wand of paralysis (17)
 P - a wand of digging (15)
 R - a wand of draining (6)
Scrolls
 F - 3 scrolls of remove curse
 G - a scroll of enchant armour
 O - 2 scrolls of enchant weapon {unknown}
 S - a scroll of teleportation {unknown}
 T - a scroll of identify
Potions
 e - a potion of resistance
 h - a potion of magic
 l - 7 potions of curing
 p - a potion of cure mutation
 q - 2 potions of heal wounds
 w - 4 potions of flight
 B - 2 potions of haste
 C - 3 potions of lignification
 I - 2 potions of poison
Books
 u - a book of Conjurations

   Spells                             Type                      Level
   a - Magic Dart                     Conjuration                  1
   b - Searing Ray                    Conjuration                  2
   c - Dazzling Spray                 Conjuration/Hexes            3
   d - Fulminant Prism                Conjuration/Hexes            4
   e - Iskenderun's Mystic Blast      Conjuration                  4
   f - Iskenderun's Battlesphere      Conjuration/Charms           5
 E - an Akashic Record {highlevel}

   This book is beyond your current level of understanding.

   Spells                             Type                      Level
   a - Dispersal                      Translocation                6
   b - Controlled Blink               Translocation                7
   c - Malign Gateway                 Summoning/Translocation      7
   d - Disjunction                    Translocation                8
   e - Singularity                    Translocation                9
 K - a book of Frost

   Spells                             Type                      Level
   a - Freeze                         Ice                          1
   b - Throw Frost                    Conjuration/Ice              2
   c - Ozocubu's Armour               Charms/Ice                   3
   d - Throw Icicle                   Conjuration/Ice              4
   e - Summon Ice Beast               Ice/Summoning                4
   f - Condensation Shield            Ice                          4
Comestibles
 c - 7 bread rations
 f - 3 beef jerkies
 k - 5 meat rations
 A - 4 fruits
 L - a royal jelly


   Skills:
 + Level 6.5(5.9) Fighting
 - Level 1.7(1.2) Long Blades
 + Level 5.8(5.1) Armour
 + Level 5.3(4.7) Dodging
 + Level 6.2(5.5) Unarmed Combat
 - Level 3.0(2.4) Spellcasting
 - Level 3.2(2.6) Charms
 - Level 4.2(3.6) Ice Magic
 + Level 8.0(7.3) Invocations


You had 11 spell levels left.
You knew the following spells:

 Your Spells              Type           Power        Failure   Level  Hunger
a - Freeze                Ice            ##..         30%         1    #......
b - Ozocubu's Armour      Chrm/Ice       ##......     92%         3    ###....


Dungeon Overview and Level Annotations

Branches:
Dungeon (10/15)            Temple (0/1) D:4             Orc (0/4) D:10
   Lair: D:8-11

Altars:
Ashenzari
Cheibriados
Dithmenos
Elyvilon
Makhleb
Nemelex Xobeh
Ru
Sif Muna
Yredelemnul
Zin
Beogh

Shops:
D:5 =

Annotations:
D:3 JamPaladin's ghost, average SpEn


Innate Abilities, Weirdness & Mutations

You have very sharp fingernails.
You have large cloven feet.
You have a pair of large horns on your head.
Your flesh is cold resistant.
You can steal the life force of nearby defeated enemies.
You are immune to freezing clouds.
You have very sharp teeth.


Message History

You bite the hill giant, but do no damage.
The hill giant is heavily wounded.
The hill giant hits you with a giant club!
You completely miss the hill giant. Your headbutt misses the hill giant.
You bite the hill giant.
The hill giant is severely wounded.
You scratch the hill giant but do no damage.
You kick the hill giant, but do no damage.
The hill giant is severely wounded.
The hill giant closely misses you.
You claw the hill giant! Your kick misses the hill giant.
The hill giant is severely wounded.
You scratch the hill giant. Your kick misses the hill giant.
The hill giant is almost dead.
The hill giant hits you with a giant club!
You claw the hill giant!
You kick the hill giant, but do no damage.
The hill giant is almost dead.
The hill giant hits you with a giant club!!
You die...

..#........
.'.............#
..'.. ...#
.#.............#
..#... ...'.
#.............#
#'#...
...#'##.............#
....#'
#.........#'######(##
....'
#.........'...'....#
....#
'.........#...#..).#
... ,
#....>....#'###....#
...
##'#####@.....#....#
.. , , #C.....#....#
.. * ..'......#....#
.. ,
....#......'....# ..
, ##'##......#.[..# >
... .......#....# ,,
, .. ........#'####
.. #. ........... ..
...


You could see a hill giant (bleeding).

Vanquished Creatures
  A hill giant (D:10)
  A wraith (D:10)
  A hippogriff (D:7)
  A black bear (D:6)
  An eye of draining (D:9)
  2 ogres (D:6)
  4 orc warriors
  4 centaurs
  3 sky beasts
  A phantom (D:10)
  A big kobold (Sewer)
  4 giant frogs
  A scorpion (D:5)
  7 wights
  A crimson imp (D:7)
  3 hounds
  2 jellies
  5 orc wizards
  A quasit (D:6)
  9 orc priests
  A giant frog skeleton (D:9)
  A centaur skeleton (D:7)
  9 worker ants
  2 hound skeletons
  A worker ant zombie (D:9)
  9 adders
  4 river rats
  A shadow imp (D:7)
  2 oozes
  2 adder skeletons
  3 worms
  5 giant geckos
  41 orcs
  6 giant cockroaches
  5 hobgoblins
  24 jackals
  5 quokkas
  A ball python (D:2)
  14 bats
  10 giant newts
  7 goblins
  19 kobolds
  19 rats
244 creatures vanquished.

Vanquished Creatures (others)
  The ghost of tinkerttoy the Nimble, an experienced MfTm of Ru (D:7)
  An orc knight (D:10)
  The ghost of Sixotanaka the Destroyer, an experienced DEFE of Vehumet (D:8)
  A spriggan (D:7)
  The ghost of jimeh the Skirmisher, an average DsMo (D:4)
  An ogre (D:4)
  3 orc warriors
  A centaur (D:6)
  A scorpion (D:6)
  A quasit (D:5)
  A worker ant (D:6)
13 creatures vanquished.

Grand Total: 257 creatures vanquished

Notes
Turn   | Place    | Note
--------------------------------------------------------------
     0 | Abyss:1  | Zermako the Demonspawn Abyssal Knight began the quest for the Orb.
     0 | Abyss:1  | Reached XP level 1. HP: 18/18 MP: 2/2
     7 | D:1      | Escaped the Abyss
    35 | D:1      | Reached skill level 1 in Dodging
   315 | D:1      | Gained mutation: You have a pair of small horns on your head. [demonic ancestry]
   315 | D:1      | Reached XP level 2. HP: 12/24 MP: 4/4
   662 | D:1      | Acquired Lugonu's second power
  1081 | D:2      | Gained mutation: Your flesh is cold resistant. [demonic ancestry]
  1081 | D:2      | Reached XP level 3. HP: 22/29 MP: 5/5
  2050 | D:2      | Gained mutation: You have sharp fingernails. [demonic ancestry]
  2050 | D:2      | Reached XP level 4. HP: 32/35 MP: 6/6
  2176 | D:2      | Found a sparkling altar of Nemelex Xobeh.
  2337 | D:2      | Found a deep blue altar of Sif Muna.
  2461 | D:3      | Noticed JamPaladin's ghost (average SpEn)
  2851 | D:4      | Noticed jimeh's ghost (average DsMo)
  3190 | D:4      | Found a glowing drain.
  3334 | D:4      | Acquired Lugonu's third power
  3344 | Sewer    | Entered a sewer
  3387 | Sewer    | Gained mutation: You have a pair of horns on your head. [demonic ancestry]
  3387 | Sewer    | Reached XP level 5. HP: 6/42 MP: 7/7
  3692 | Sewer    | Noticed a big kobold
  3728 | Sewer    | Killed a big kobold
  3728 | Sewer    | Reached skill level 4 in Fighting
  3799 | Sewer    | Found a white marble altar of Elyvilon.
  4050 | D:4      | Banished jimeh's ghost
  4050 | D:4      | Gained mutation: You have very sharp fingernails. [demonic ancestry]
  4050 | D:4      | Reached XP level 6. HP: 48/48 MP: 9/9
  4149 | D:4      | Found a staircase to the Ecumenical Temple.
  4192 | D:4      | Found a glowing silver altar of Zin.
  4192 | D:4      | Noticed an angel
  4550 | D:5      | Entered Level 5 of the Dungeon
  4748 | D:5      | Reached skill level 5 in Invocations
  5247 | D:5      | Found a sacrificial altar of Ru.
  5390 | D:5      | Gained mutation: You can steal the life force of nearby defeated enemies. [demonic ancestry]
  5390 | D:5      | Reached XP level 7. HP: 49/55 MP: 10/10
  5792 | D:5      | Acquired Lugonu's fourth power
  5853 | D:5      | Found Igye's Jewellery Shoppe.
  5932 | D:5      | Found a shattered altar of Ashenzari.
  6717 | D:5      | Reached skill level 5 in Fighting
  6921 | D:6      | Reached skill level 6 in Invocations
  7230 | D:6      | Reached skill level 1 in Unarmed Combat
  7445 | D:6      | Found a shadowy altar of Dithmenos.
  7569 | D:6      | Gained mutation: You are immune to freezing clouds. [demonic ancestry]
  7569 | D:6      | Reached XP level 8. HP: 56/62 MP: 4/12
  8129 | D:6      | Reached skill level 5 in Unarmed Combat
  8562 | D:6      | Found a white marble altar of Elyvilon.
  8816 | D:6      | Gained mutation: You can breathe flames. [mutagenic meat]
  8817 | D:6      | Gained mutation: You have supernaturally acute eyesight. [mutagenic meat]
  8818 | D:6      | Lost mutation: You have supernaturally acute eyesight. [mutagenic meat]
  8819 | D:6      | Gained mutation: You are covered in fur (AC +1). [mutagenic meat]
  8820 | D:6      | Gained mutation: Your mind is acute. (Int +2) [mutagenic meat]
  8821 | D:6      | Gained mutation: You have a pair of large horns on your head. [mutagenic meat]
  8878 | D:6      | Found a burning altar of Makhleb.
  9020 | D:7      | Found a sacrificial altar of Ru.
  9332 | D:7      | Reached skill level 5 in Armour
  9332 | D:7      | Mutation became permanent: You have a pair of large horns on your head. [demonic ancestry]
  9332 | D:7      | Reached XP level 9. HP: 56/69 MP: 14/14
  9354 | D:7      | Gained mutation: You are clumsy. (Dex -2) [mutagenic meat]
  9356 | D:7      | Gained mutation: You passively map a small area around you. [mutagenic meat]
  9357 | D:7      | Gained mutation: You have very sharp teeth. [mutagenic meat]
  9382 | D:7      | Noticed tinkerttoy's ghost (experienced MfTm)
  9426 | D:7      | Reached skill level 7 in Invocations
  9428 | D:7      | Banished tinkerttoy's ghost
  9873 | D:7      | Lost mutation: You are clumsy. (Dex -2) [mutagenic meat]
  9876 | D:7      | Lost mutation: You can breathe flames. [mutagenic meat]
  9877 | D:7      | Gained mutation: You are clumsy. (Dex -2) [mutagenic meat]
  9878 | D:7      | Gained mutation: You are weak. (Str -2) [mutagenic meat]
 10289 | D:5      | Bought an uncursed ring of invisibility for 330 gold pieces
 10342 | D:8      | Noticed Sixotanaka's ghost (experienced DEFE)
 10554 | D:8      | Learned a level 3 spell: Ozocubu's Armour
 10746 | D:8      | Reached skill level 1 in Charms
 10746 | D:8      | Reached skill level 1 in Ice Magic
 10806 | D:8      | Banished Sixotanaka's ghost
 11288 | D:9      | Learned a level 1 spell: Freeze
 11329 | D:9      | Reached skill level 1 in Spellcasting
 11438 | D:9      | Found a basalt altar of Yredelemnul.
 11929 | D:9      | Gained mutation: You have large cloven feet. [demonic ancestry]
 11929 | D:9      | Reached XP level 10. HP: 45/76 MP: 11/15
 12103 | D:9      | Found a snail-covered altar of Cheibriados.
 12187 | D:10     | Entered Level 10 of the Dungeon
 12195 | D:10     | Noticed a hill giant
 12208 | D:10     | Killed a hill giant
 12261 | D:10     | Found a roughly hewn altar of Beogh.
 12261 | D:10     | Found a staircase to the Orcish Mines.
 12261 | D:10     | Noticed an orc knight
 12359 | D:10     | Lost mutation: Your mind is acute. (Int +2) [potion of cure mutation]
 12359 | D:10     | Lost mutation: You are clumsy. (Dex -2) [potion of cure mutation]
 12359 | D:10     | Lost mutation: You are covered in fur (AC +1). [potion of cure mutation]
 12359 | D:10     | Lost mutation: You are weak. (Str -2) [potion of cure mutation]
 12359 | D:10     | Lost mutation: You passively map a small area around you. [potion of cure mutation]
 12374 | D:10     | Banished an orc knight
 12374 | D:10     | Reached skill level 5 in Dodging
 13231 | D:10     | Reached skill level 8 in Invocations
 13472 | D:10     | Noticed a hill giant
 13484 | D:10     | Slain by a hill giant

Vault maps used:
D:1:      roderic_chinese_lattice_arrival
D:2:      minitemple, first_bread
D:3:      minmay_goblin_kobold_castle, tgw_xom, uniq_iyjb, uniq_jessica,
          uniq_terence
D:4:      zin_angel, minmay_temple_entry_statues_pillars, portal_sewer_entry_a
D:5:      old_standard_altar, serial_shops, shop, evilmike_ruin_ashenzari
D:6:      lightli_temple_of_fire, nicolae_overflow_crystal_walls,
          nicolae_dithmenos_the_darkroom, hangedman_decor_diamond_cutter
D:7:      the_bakery, nicolae_ru_awakened_eye
D:9:      slow_altar_2, lemuel_round_altar
D:10:     david_orc_5
Abyss:1:  lemuel_firewalk_3
Sewer:    sewer_kobolds

Action                   |  1- 3 |  4- 6 |  7- 9 | 10-12 || total
-------------------------+-------+-------+-------+-------++-------
Melee: Falchion          |    95 |       |       |       ||    95
       Dagger            |    49 |   185 |       |       ||   234
       Trident           |       |    32 |       |       ||    32
       Long sword        |       |   110 |   160 |       ||   270
       Unarmed           |       |       |   387 |   119 ||   506
Throw: Stone             |     2 |       |     9 |       ||    11
       Tomahawk          |       |       |       |     6 ||     6
 Cast: Ozocubu's Armour  |       |       |    14 |     1 ||    15
       Freeze            |       |       |     3 |       ||     3
Invok: Bend Space        |       |     5 |       |       ||     5
       Banish            |       |     4 |    12 |     2 ||    18
 Abil: Breathe Fire      |       |       |     1 |       ||     1
Evoke: Wand              |       |       |    25 |       ||    25
  Use: Potion            |       |     3 |     2 |     1 ||     6
       Scroll            |       |     5 |     9 |     1 ||    15
 Stab: Sleeping          |       |       |     2 |       ||     2
       Invisible         |       |       |     1 |       ||     1
  Eat: Chunk             |     2 |    12 |    39 |     3 ||    56
       Fruit             |       |     2 |     5 |       ||     7
       Pizza             |       |       |     1 |       ||     1
       Bread ration      |       |       |     1 |       ||     1
